Map: Ascension to Aiur LE

Players

TITANstalker

  • Race: Terran Terran
  • League: Silver
  • Spawn Location: 11:00

SirLasagna - Winner!

  • Race: Zerg Zerg
  • Spawn Location: 5:00

VOD

Have the link to the VOD?

Description

Time

  • Played on: Nov. 19, 2017, 6:16 p.m.
  • Length: 1:42
Show
View Real Time Build Order
Export as new Build Order

TITANstalker Terran 

Build Orders:  

Get SALT Encoding   

  12  0:02  SCV  
  13  0:14  SCV  
  14  0:27  Supply Depot, SCV  
  15  0:34  Supply Depot  
  15  0:46  Supply Depot  
  15  0:56  Barracks  
  15  1:04  Refinery  
  15  1:10  Refinery  
  15  1:29  Barracks  
Show
View Real Time Build Order
Export as new Build Order

SirLasagna Zerg - Winner!

Build Orders: Hatch First 

Get SALT Encoding   

  12  0:05  Drone  
  13  0:11  Drone  
  14  0:16  Overlord  
  14  0:35  Drone x2  
  16  0:37  Drone  
  17  0:54  Hatchery  
  16  0:58  Drone  
  17  1:04  Extractor  
  17  1:07  Drone  
  17  1:16  Drone  
  18  1:23  Spawning Pool  
  17  1:28  Drone  
Tags
 
Add a new tag
Caveats
  • Supply blocks, unpowered buildings, or Contaminate may cause inaccurate times.
  • Supply counts are checked every 10 seconds.